 Dungeon Crawl Stone Soup version 0.29.1-2-gbd0b4ee654 (webtiles) character file.

Game seed: 5648960658665759564

542 Arctor the Shield-Bearer (level 7, -4/62 HPs)
             Began as a Minotaur Fighter on Oct 25, 2022.
             Was an Initiate of the Shining One.
             Slain by an ogre
             ... wielding a +0 giant club
              (10 damage)
             ... on level 5 of the Dungeon.
             The game lasted 00:03:04 (3998 turns).

Arctor the Shield-Bearer (Minotaur Fighter)         Turns: 3998, Time: 00:03:05

Health: -4/62      AC:  9    Str: 23    XL:     7   Next: 6%
Magic:  6/6        EV:  9    Int:  5    God:    the Shining One [......]
Gold:   204        SH:  5    Dex:  9    Spells: 6/6 levels left

rFire   . . .      SeeInvis .   a - +0 war axe
rCold   . . .      Faith    .   c - +0 buckler
rNeg    . . .      Spirit   .   b - +0 scale mail
rPois   .          Reflect  .   (helmet restricted)
rElec   .          Harm     .   (no cloak)
rCorr   .          Rampage  .   i - +1 pair of gloves
Will    .....                   (no boots)
Stlth   ..........              (no amulet)
HPRegen 0.20/turn               (no ring)
MPRegen 0.10/turn               (no ring)

@: glowing
A: horns 2, retaliatory headbutt
a: Renounce Religion


You were on level 5 of the Dungeon.
You worshipped the Shining One.
The Shining One was noncommittal.
You visited 1 branch of the dungeon, and saw 5 of its levels.

You collected 204 gold pieces.

Inventory:

Hand Weapons
 a - a +0 war axe (weapon)
Armour
 b - a +0 scale mail (worn)
 c - a +0 buckler (worn)
 i - a +1 pair of gloves (worn)
Scrolls
 f - a scroll of fear
 l - 2 scrolls of magic mapping
 m - a scroll of poison
 n - a scroll of summoning
 o - a scroll of blinking
 p - a scroll of amnesia
 q - a scroll of teleportation
 y - a scroll of enchant weapon {unknown}
 z - a scroll of vulnerability {unknown}
Potions
 d - a potion of might
 e - a potion of invisibility {unknown}
 g - 2 potions of lignification {unknown}
 h - 7 potions of curing {unknown}
 j - a potion of ambrosia {unknown}
 k - a potion of degeneration {unknown}
 t - 2 potions of heal wounds {unknown}
 v - a potion of mutation {unknown}
 w - 2 potions of haste {unknown}
 x - a potion of flight {unknown}


   Skills:
 + Level 5.7 Fighting
 + Level 5.0 Axes
 + Level 5.7 Armour
 + Level 5.8 Shields


You had 6 spell levels left.
You didn't know any spells.
Your spell library contained the following spells:

 Spells                   Type           Power      Damage    Failure   Level
 Call Canine Familiar     Summ           0%         N/A       99%         3
 Portal Projectile        Hex/Tloc       0%         N/A       99%         3
 Tukima's Dance           Hex            0%         N/A       99%         3
 Leda's Liquefaction      Hex/Erth       0%         N/A       100%        4
 Blade Hands              Tmut           0%         N/A       100%        5
 Lee's Rapid Deconstruct  Erth           0%         3d5*      100%        5
 Silence                  Hex/Air        0%         N/A       100%        5
 Shatter                  Erth           0%         3d5*      100%        9


Dungeon Overview and Level Annotations

Branches:
Dungeon (5/15)
 Temple: D:4-7

Altars:
Dithmenos
Zin
The Shining One

Shops:
D:1 :[:!   D:3 *


Innate Abilities, Weirdness & Mutations

You have a pair of horns on your head.
You reflexively headbutt those who attack you in melee.


Message History

The ogre hits you with a +0 giant club!!
* * * LOW HITPOINT WARNING * * *
The adder closely misses you.
There are monsters nearby!
You are too injured to fight recklessly!
There are monsters nearby!
You are too injured to fight recklessly!
Unknown command.
You are too injured to fight recklessly!
There are monsters nearby!
You are too injured to fight recklessly!
There are monsters nearby!
You are too injured to fight recklessly!
Unknown command.
There are monsters nearby!
You are too injured to fight recklessly!
Unknown command.
You are too injured to fight recklessly!
The ogre attacks as you move away! The ogre hits you with a +0 giant club.
* * * LOW HITPOINT WARNING * * *
You feel sick. The adder bites you but does no damage.
The adder attacks as you move away! The adder bites you but does no damage.
You feel sick.
You are no longer poisoned.
The adder attacks as you move away! The adder bites you but does no damage.
You closely miss the adder.
The adder is severely wounded.
The adder barely misses you. You furiously retaliate!
You headbutt the adder!
You kill the adder!
The ogre hits you with a +0 giant club!!
The Shining One protects you from harm!
You slash the ogre!
The ogre is heavily wounded.
The ogre barely misses you.
You barely miss the ogre.
The ogre is heavily wounded.
You slash the ogre!
The ogre is almost dead.
The ogre hits you with a +0 giant club!
You die...

***** #...#........_ยง.<#***
*,,,* #.###...........##*,,
*,,,* #.,#.............**,>
*,,,* #,,##..(....###,,,,,*
**+** *,,*##...###..,***,,,
*,** *,,##.###.#,...,*,***
**,* *,*#...#,..#,..*,,,*,
*,** ####...#,..#****,,,*,
**,* #..#@..#,,.#,,,*,,,*,
**,** #..O#.##*,*,,,,,*,***
**,,,* #...##..,***,,,***,,,
*,,,,* #...#,....*,***,*,,,,
*,,,,* #....#...#..,*,,,*,,,
*,,,,**#....#####,.,*,,,****
*,,,,,......#,,,*,,,*,,,*,,,
**,*,......#.,,,,*,***,*,,,,
*,........##.,,***,,,***,,,


You could see an ogre.

Vanquished Creatures
  A black bear (D:5)
  A centaur (D:3)
  A phantom (D:5)
  2 orc priests
  A hound (D:5)
  An orc wizard (D:4)
  7 adders
  4 gnolls (D:2)
  2 worms
  3 dart slugs
  6 orcs
  4 ball pythons
  5 endoplasms
  4 giant cockroaches
  6 goblins
  8 hobgoblins
  9 kobolds
  2 quokkas (D:2)
  8 bats
  A frilled lizard (D:1)
  3 rats
79 creatures vanquished.

Notes
Turn   | Place    | Note
-------+----------+-------------------------------------------
     0 | D:1      | Arctor the Minotaur Fighter began the quest for the Orb.
     0 | D:1      | Reached XP level 1. HP: 19/19 MP: 0/0
   128 | D:1      | Found Vyerol's Book Emporium.
   132 | D:1      | Found Pamoaj's Distillery.
   134 | D:1      | Found Gelasos's Armour Shoppe.
   354 | D:1      | Reached XP level 2. HP: 24/24 MP: 1/1
   415 | D:1      | Found Cabysyw's Book Boutique.
   731 | D:1      | Reached XP level 3. HP: 33/33 MP: 2/2
  1538 | D:2      | Reached XP level 4. HP: 23/40 MP: 3/3
  2206 | D:3      | Reached XP level 5. HP: 47/47 MP: 4/4
  2262 | D:3      | Noticed a centaur
  2275 | D:3      | Killed a centaur
  2276 | D:3      | Reached skill level 5 in Armour
  2276 | D:3      | Reached skill level 5 in Shields
  2486 | D:3      | Found a glowing silver altar of Zin.
  2486 | D:3      | Found Zin's Purification Station.
  2550 | D:3      | Reached skill level 5 in Fighting
  3120 | D:4      | Got the Anthology of the Oath and Spelunking
  3158 | D:4      | Reached XP level 6. HP: 53/56 MP: 5/5
  3430 | D:4      | Found a glowing golden altar of the Shining One.
  3565 | D:4      | Became a worshipper of the Shining One
  3818 | D:5      | Entered Level 5 of the Dungeon
  3829 | D:5      | Found a shadowy altar of Dithmenos.
  3900 | D:5      | Reached skill level 5 in Axes
  3900 | D:5      | Reached XP level 7. HP: 56/62 MP: 6/6
  3995 | D:5      | The Shining One protects you from harm!
  3998 | D:5      | Slain by an ogre

Illustrated notes

Levels and vault maps discovered:
D:1:      dpeg_arrival_line_fractal, layout_basic, serial_shops, shop, shop,
          shop, nicolae_shop_window_shopping
D:2:      layout_loops_cross, glass_columns_a
D:3:      layout_loops_corners, zin_purify
D:4:      layout_rooms, lemuel_doored_altar
D:5:      nicolae_cairo_tiling, layout_cave_pools, led_sif_book,
          grunt_dithmenos_smoke, gammafunk_ghost_grave, uniq_crazy_yiuf_cottage

Skill      XL: |  1  2  3  4  5  6 |
---------------+-------------------+-----
Armour         | 4 5 |  5.7
Shields        | 4 5 |  5.8
Fighting       | 4 5 |  5.7
Axes           | 3 4 5 |  5.0

Action                   |  1- 3 |  4- 6 |  7- 9 || total
-------------------------+-------+-------+-------++-------
Melee: War axe           |    78 |   104 |    13 ||   195
       Headbutt          |    12 |    21 |     1 ||    34
  Use: Scroll            |       |    10 |       ||    10
Armor: Scale mail        |    49 |    66 |     8 ||   123
Dodge: Dodged            |    31 |    60 |     8 ||    99
Block: Buckler           |    15 |    28 |     1 ||    44
